 Dungeon Crawl Stone Soup version 0.30-a0-469-g84de5afbc5 (webtiles) character file.

Game seed: 17312471282134601480

1255 Raultor the Changer (level 8, -1/64 HPs)
             Began as an Octopode Transmuter on Dec 19, 2022.
             Was an Initiate of Gozag.
             Slain by a hornet (7 damage)
             ... on level 6 of the Dungeon.
             The game lasted 00:09:49 (4966 turns).

Raultor the Changer (Octopode Transmuter)           Turns: 4966, Time: 00:09:50

Health: -1/64      AC:  7    Str: 10    XL:     8   Next: 51%
Magic:  11/11      EV: 10    Int: 17    God:    Gozag
Gold:   184        SH:  0    Dex: 12    Spells: 4/11 levels left

rFire   x . .      SeeInvis .      - Unarmed
rCold   + + +      Faith    .    (shield currently unavailable)
rNeg    + + .      Spirit   .    (helmet currently unavailable)
rPois   +          Reflect  .    e - amulet of magic regeneration
rElec   .          Harm     .    N - ring of positive energy
rCorr   .          Rampage  .    n - ring of positive energy
Will    .....                    (no ring)
Stlth   +.........               (no ring)
HPRegen 0.30/turn                (no ring)
MPRegen 0.52/turn                (no ring)
                                 (no ring)
                                 (no ring)

@: ice-form, gold aura, slowed, very slow
A: freezing attack, boosted hp, almost no armour, amphibious, 8 rings, large,
(camouflage 1), (gelatinous body 1), (nimble swimmer 1), (tentacles)
a: End Transformation, Renounce Religion, Potion Petition, Call Merchant, Bribe
Branch


You were on level 6 of the Dungeon.
You worshipped Gozag.
Gozag was aware of your devotion.
You were a creature of crystalline ice.
You visited 2 branches of the dungeon, and saw 7 of its levels.
You also visited: Sewer.

You collected 244 gold pieces.
You paid 60 gold pieces to Gozag.


Innate Abilities, Weirdness & Mutations

You are a creature of crystalline ice.
You have a powerful freezing melee attack.
Your maximum health is increased.
Your armour is entirely melded.
You are incapable of wielding weapons or throwing items.
You cannot wear most types of armour.
You are amphibious.
You can wear up to eight rings at the same time.
((Your skin changes colour to match your surroundings (Stealth+).))
((Your rubbery body absorbs attacks. (AC +1, EV +1)))
((You are camouflaged when in or above water. (Stealth+)))
((You have tentacles for arms and can constrict up to eight enemies at once.))


   Skills:
 + Level 3.9 Fighting
 - Level 2.0 Dodging
 + Level 5.0 Unarmed Combat
 - Level 2.0 Spellcasting
 * Level 6.1 Transmutations
 * Level 5.5 Ice Magic


You had 4 spell levels left.
You knew the following spells:

 Your Spells              Type           Power      Damage    Failure   Level
b - Beastly Appendage     Tmut           44%        N/A       1%          1
c - Ice Form              Ice/Tmut       21%        N/A       17%         4
w - Wereblood             Tmut           22%        N/A       2%          2

Your spell library contained the following spells:

 Spells                   Type           Power      Damage    Failure   Level
 Spider Form              Tmut/Pois      12%        N/A       17%         3
 Ignite Poison            Fire/Tmut/Pois 8%         N/A       26%         3
 Sticky Flame             Conj/Fire      1%         2d3       88%         4
 Ignition                 Fire           0%         3d3       100%        8

Inventory:

Jewellery
 e - an amulet of magic regeneration (around neck)
 n - a ring of positive energy (right front paw)
 N - a ring of positive energy (left front paw)
Scrolls
 d - 4 scrolls of magic mapping {unknown}
 f - a scroll of torment {unknown}
 g - 3 scrolls of blinking
 h - 7 scrolls of identify {unknown}
 k - 2 scrolls of vulnerability {unknown}
 l - a scroll of enchant armour {unknown}
 q - a scroll of silence {unknown}
 s - a scroll of teleportation {unknown}
 v - a scroll of amnesia {unknown}
 w - a scroll of enchant weapon {unknown}
 x - a scroll of fear {unknown}
Potions
 a - a potion of lignification
 b - 4 potions of curing {unknown}
 c - 2 potions of heal wounds {unknown}
 i - a potion of might {unknown}
 j - a potion of degeneration {unknown}
 m - a potion of resistance {unknown}
 o - a potion of invisibility {unknown}
 p - a potion of mutation {unknown}
 r - a potion of haste {unknown}
 t - 2 potions of attraction {unknown}
 u - a potion of magic {unknown}

Dungeon Overview and Level Annotations

Branches:
Dungeon (6/15)             Temple (1/1) D:6           Sewer (visited)

Altars:
Ashenzari
Cheibriados
Fedhas
Gozag
Okawaru
Qazlal
Ru
Sif Muna
Trog
Uskayaw
Vehumet
Wu Jian
Zin

Shops:
D:1 *   D:5 =

Annotations:
Temple 2 transporters

#.# # ... #.# #.#.#
#.# # #.#.# # #.#
#.##.#.###. #.#
#........> #.# #.#
#......#######.####.#
#..##.............#.#
#..?Yy)...####.##.#.#
#...#####.# #.##.#.#
....... #... ..##.#.#
####... #.#######.#.#
##.. #.#######.#.#
#.. #.##......#.# #..
..##.#...#... ..#
###.#....#.#
#....)....#


You could see a hornet.


Message History

5 gold pieces; a +0 short sword; a +0 leather armour You punch the hornet!
You freeze the hornet.
The hornet is moderately wounded.
The hornet closely misses you.
You punch the hornet! You freeze the hornet.
The hornet is almost dead.
The hornet is distracted by your dazzling golden aura.
You barely miss the hornet.
The hornet is no longer distracted by gold.
The hornet buzzes angrily.
The hornet is almost dead.
The hornet stings you!
* * * LOW HITPOINT WARNING * * *
You feel yourself slow down.
You hit the hornet but do no damage.
The hornet is almost dead.
The hornet misses you. The hornet barely misses you.
You hit the hornet. You freeze the hornet.
The hornet is almost dead.
You feel yourself speed up. The hornet closely misses you.
The hornet stings you.
* * * LOW HITPOINT WARNING * * *
You barely miss the hornet.
The hornet is almost dead.
The hornet stings you!
* * * LOW HITPOINT WARNING * * *
You feel yourself slow down. The hornet stings you!
You die...
Your body crumbles into a pile of gold.

Skill      XL: |  1  2  3  4  5  6  7  8 |
---------------+-------------------------+-----
Ice Magic      | 1 2 3 4 5 |  5.5
Transmutations | 3 4 5 6 |  6.1
Fighting       | 2 3 |  3.9
Unarmed Combat | 4 5 |  5.0
Dodging        | |  2.0
Spellcasting   | |  2.0

Action                   |  1- 3 |  4- 6 |  7- 9 || total
-------------------------+-------+-------+-------++-------
Melee: Unarmed           |    65 |   112 |    74 ||   251
       Constrict         |    17 |    26 |    10 ||    53
       Tentacles         |    15 |    19 |     7 ||    41
       Kick              |     6 |    11 |    12 ||    29
       Punch             |     2 |     5 |     2 ||     9
 Cast: Beastly Appendage |     5 |     5 |     7 ||    17
       Wereblood         |     1 |     1 |       ||     2
       Ice Form          |       |     3 |     6 ||     9
  Use: Scroll            |       |     1 |       ||     1
 Stab: Sleeping          |    11 |     6 |     3 ||    20
Armor: Skin              |     7 |    10 |    13 ||    30
Dodge: Dodged            |    32 |    54 |    32 ||   118

Levels and vault maps discovered:
D:1:      wander_arrival_desolate, layout_basic, serial_shops, shop
D:2:      layout_loops_ring, serial_aquarium, aquarium_bridge_long_separate
          [aquarium_subvault_bridge, aquarium_subvault_balcony,
          aquarium_subvault_window, aquarium_subvault_bridge,
          aquarium_subvault_wall, aquarium_subvault_bridge], aquarium_window_1,
          aquarium_window_2, aquarium_window_corner, aquarium_window_1,
          aquarium_view_2b, aquarium_view_2d, serial_bayou_pond_c, uniq_robin,
          uniq_jessica
D:3:      layout_basic, lemuel_crystal_altar, gup_sewer_entry_bubbles,
          grunt_ministairs_2, minmay_quadrilaterals
D:4:      layout_loops_ring, mainiacjoe_overflow_alcove_1
D:5:      layout_loops_corners, serial_shops, nicolae_diamond_shop,
          st_stairs_11, uniq_sigmund, uniq_blork_the_orc
D:6:      layout_loops_ring, lemuel_doored_altar,
          minmay_temple_entry_proselytizer
Temple:   hellmonk_temple_divided_pantheon

Notes
Turn   | Place    | Note
-------+----------+-------------------------------------------
     0 | D:1      | Raultor the Octopode Transmuter began the quest for the
                  | Orb.
     0 | D:1      | Reached XP level 1. HP: 13/13 MP: 3/3
    56 | D:1      | Reached XP level 2. HP: 18/18 MP: 3/5
   198 | D:1      | Found Yzuefex's Assorted Antiques.
   220 | D:1      | Reached skill level 1 in Ice Magic
   258 | D:1      | Learned a level 2 spell: Wereblood
   550 | D:1      | Reached XP level 3. HP: 22/23 MP: 6/6
   616 | D:2      | Noticed Robin
   635 | D:2      | Killed Robin
   924 | D:2      | Reached XP level 4. HP: 29/29 MP: 7/7
   948 | D:2      | Reached skill level 2 in Ice Magic
  1124 | D:2      | Noticed Jessica
  1131 | D:2      | Learned a level 4 spell: Ice Form
  1178 | D:2      | Killed Jessica
  1179 | D:2      | Reached skill level 3 in Transmutations
  1621 | D:3      | Reached XP level 5. HP: 34/34 MP: 8/8
  1664 | D:3      | Found a blossoming altar of Fedhas.
  1718 | D:3      | Reached skill level 2 in Fighting
  1856 | D:3      | Found a glowing drain.
  1873 | Sewer    | Entered a sewer
  1956 | Sewer    | Noticed a water moccasin
  1969 | Sewer    | Killed a water moccasin
  1970 | Sewer    | Reached skill level 3 in Ice Magic
  1970 | Sewer    | Reached XP level 6. HP: 41/41 MP: 9/9
  2608 | D:4      | Reached skill level 4 in Unarmed Combat
  2608 | D:4      | Reached skill level 4 in Transmutations
  3192 | D:4      | Noticed a black bear
  3196 | D:4      | Found a hide-covered altar of Uskayaw.
  3200 | D:4      | Killed a black bear
  3201 | D:4      | Reached XP level 7. HP: 33/45 MP: 8/10
  3345 | D:5      | Entered Level 5 of the Dungeon
  3464 | D:5      | Noticed Sigmund
  3481 | D:5      | Killed Sigmund
  3482 | D:5      | Reached skill level 3 in Fighting
  3482 | D:5      | Reached skill level 4 in Ice Magic
  3667 | D:5      | Found Ronen's Jewellery Emporium.
  3768 | D:5      | Reached skill level 5 in Transmutations
  4409 | D:5      | Reached XP level 8. HP: 52/52 MP: 8/11
  4478 | D:5      | Noticed Blork the orc
  4484 | D:5      | Killed Blork the orc
  4485 | D:5      | Reached skill level 5 in Ice Magic
  4679 | D:6      | Found a staircase to the Ecumenical Temple.
  4689 | Temple   | Entered the Ecumenical Temple
  4689 | Temple   | Found a transporter.
  4689 | Temple   | Found a transporter.
  4691 | Temple   | Found a transporter.
  4691 | Temple   | Found a transporter.
  4708 | Temple   | Became a worshipper of Gozag Ym Sagoz the Greedy
  4813 | D:6      | Reached skill level 5 in Unarmed Combat
  4813 | D:6      | Reached skill level 6 in Transmutations
  4953 | D:6      | Noticed a hornet
  4966 | D:6      | HP: 6/64 [hornet (15)]
  4966 | D:6      | Slain by a hornet

Vanquished Creatures
  Sigmund (D:5)
  2 water moccasins
  An ice beast (D:6)
  2 black bears
  Blork the orc (D:5)
  A bullfrog (D:6)
  2 scorpions
  A howler monkey (D:6)
  An orc priest (D:6)
  A jelly (D:5)
  Jessica (D:2)
  2 iguanas
  Robin (D:2)
  6 adders
  A white imp (D:5)
  5 worms (D:3)
  A dart slug (D:5)
  2 orcs (D:6)
  6 ball pythons
  6 bats
  10 endoplasms
  6 giant cockroaches
  13 goblins
  11 hobgoblins
  6 jackals (Sewer)
  3 kobolds
  4 quokkas
  4 frilled lizards
  8 rats
109 creatures vanquished.

Table legend: (Time is in decaauts)
 A = Elapsed time spent in this place.
 B = Non-inter-level travel time spent in this place.
 C = Inter-level travel time spent in this place.
 D = Time resting spent in this place.
 E = Time spent auto-exploring this place.
 F = Levels seen in this place.
 G = Mean time per level.
                   A        B        C        D        E       F      G
               +--------+--------+--------+--------+--------+-----+--------+
         Total |   4948 |   4790 |    158 |      0 |   3669 |   8 |  618.5 |
       Dungeon |   4751 |   4600 |    151 |      0 |   3558 |   6 |  791.8 |
        Temple |     34 |     27 |      7 |      0 |      0 |   1 |   34.0 |
         Sewer |    162 |    162 |      0 |      0 |    111 |   1 |  162.0 |
               +--------+--------+--------+--------+--------+-----+--------+

Top non-repeatable levels by time:
     D:5: 1294 daAuts
     D:2: 886 daAuts
     D:3: 862 daAuts
     D:4: 839 daAuts
     D:1: 582 daAuts
     D:6: 287 daAuts
   Sewer: 162 daAuts
  Temple: 34 daAuts

Table legend:
 A = Non-vault XP
 B = Vault XP
 C = Vault XP percentage of total XP
 D = Non-vault monster count
 E = Vault monster count
 F = Vault count percentage of total count
                 A         B        C        D         E       F
            +---------+---------+-------+---------+---------+-------
      Total |    1109 |     684 |  38.1 |      73 |      36 |  33.0
            +---------+---------+-------+---------+---------+-------
        D:1 |      34 |       0 |   0.0 |      20 |       0 |   0.0
        D:2 |      34 |      69 |  67.0 |      14 |      11 |  44.0
        D:3 |      63 |      28 |  30.8 |      17 |      13 |  43.3
        D:4 |     238 |       0 |   0.0 |       8 |       0 |   0.0
        D:5 |     346 |     377 |  52.1 |       7 |       4 |  36.4
        D:6 |     394 |      41 |   9.4 |       7 |       1 |  12.5
      Sewer |       0 |     169 | 100.0 |       0 |       7 | 100.0
            +---------+---------+-------+---------+---------+-------
